Workbook
Name \0: #REF!
Name \0: #REF!
Name \00: #REF!
Name \00: #REF!
Name \a: #REF!
Name \AA: [1]LIQUIDACION!#REF!
Name \b: [2]STRSUMM0!#REF!
Name \bb: [2]STRSUMM0!#REF!
Name \E: #REF!
Name \EE: #REF!
Name \G: #REF!
Name \k: '[3]7422CW00'!#REF!
Name \l: [4]STRSUMM0!#REF!
Name \M: #REF!
Name \ñ: '[5]7422CW00'!#REF!
Name \P: #REF!
Name \R: #REF!
Name \s: #REF!
Name \V: #REF!
Name \X: 'A.U % '!ERR
Name \X: [0]!ERR
Name \Z: 'A.U % '!ERR
Name \Z: [0]!ERR
Name _________AFC1: [6]INV!$A$25:$D$28
Name _________AFC1: [7]INV!$A$25:$D$28
Name _________AFC3: [6]INV!$F$25:$I$28
Name _________AFC3: [7]INV!$F$25:$I$28
Name _________AFC5: [6]INV!$K$25:$N$28
Name _________AFC5: [7]INV!$K$25:$N$28
Name _________BGC1: [6]INV!$A$5:$D$8
Name _________BGC1: [7]INV!$A$5:$D$8
Name _________BGC3: [6]INV!$F$5:$I$8
Name _________BGC3: [7]INV!$F$5:$I$8
Name _________BGC5: [6]INV!$K$5:$N$8
Name _________BGC5: [7]INV!$K$5:$N$8
Name _________CAC1: [6]INV!$A$19:$D$22
Name _________CAC1: [7]INV!$A$19:$D$22
Name _________CAC3: [6]INV!$F$19:$I$22
Name _________CAC3: [7]INV!$F$19:$I$22
Name _________CAC5: [6]INV!$K$19:$N$22
Name _________CAC5: [7]INV!$K$19:$N$22
Name _________PJ50: #REF!
Name _________PJ50: #REF!
Name _________SBC1: [6]INV!$A$12:$D$15
Name _________SBC1: [7]INV!$A$12:$D$15
Name _________SBC3: [6]INV!$F$12:$I$15
Name _________SBC3: [7]INV!$F$12:$I$15
Name _________SBC5: [6]INV!$K$12:$N$15
Name _________SBC5: [7]INV!$K$12:$N$15
Name ________AFC1: [6]INV!$A$25:$D$28
Name ________AFC1: [7]INV!$A$25:$D$28
Name ________AFC3: [6]INV!$F$25:$I$28
Name ________AFC3: [7]INV!$F$25:$I$28
Name ________AFC5: [6]INV!$K$25:$N$28
Name ________AFC5: [7]INV!$K$25:$N$28
Name ________BGC1: [6]INV!$A$5:$D$8
Name ________BGC1: [7]INV!$A$5:$D$8
Name ________BGC3: [6]INV!$F$5:$I$8
Name ________BGC3: [7]INV!$F$5:$I$8
Name ________BGC5: [6]INV!$K$5:$N$8

Sheet Desglose
A1: PRESUPUESTO PLACA HUELLA
A2: =+Memoria!B2 -> Vía el Espinal
A3: ÍTEM | B3: DESCRIPCIÓN | C3: UNIDAD | D3: CANTIDAD | E3: PRECIO PESO | F3: TOTAL PESO
A4: 1 | B4: Localización y replanteo | C4: M | D4: =+Memoria!F29 -> 80 | E4: =+APU!F35 -> 616.869 | F4: =D4*E4 -> 49349.52
A5: 2 | B5: Excavación a cielo abierto material comun/conglomerado 0.0 a 6.0 metros | C5: M3 | D5: =+Memoria!F46 -> 35.04 | E5: =+APU!F69 -> 23226.72 | F5: =+D5*E5 -> 813864.27
A6: 3 | B6: Conformación y compactación de subrasante a maquina con material proveniente de la excavación o préstamo (incluye cargue, descargue) | C6: M2 | D6: =+Memoria!F63 -> 344 | E6: =+APU!F103 -> 2818.9815 | F6: =+D6*E6 -> 969729.64
A7: 4 | B7: Acero Fy = 60.000 psi d>1/4", no incluye acero. | C7: Kg | D7: =+Memoria!F77 -> 2820.24 | E7: =+APU!F137 -> 802.8 | F7: =+D7*E7 -> 2264088.7
A8: 5 | B8: Placa Huellas (par) en concreto de 20,7 Mpa (3000 psi) e = 0,15 m a c/u = 0,90 m. Incluye construcción de viga riostra. No incluye cemento | C8: M | D8: =+Memoria!F91 -> 80 | E8: =+APU!F182 -> 62765.66 | F8: =D8*E8 -> 5021252.8
A9: 6 | B9: Concreto ciclópeo (producción), no incluye cemento | C9: M3 | D9: =+Memoria!F105 -> 16.8 | E9: =+APU!F221 -> 126665.32 | F9: =D9*E9 -> 2127977.4
A10: 7 | B10: Cuneta - Bordillo en concreto reforzado 20,7 Mpa. No incluye cemento | C10: M | D10: =+Memoria!F119 -> 144 | E10: =+APU!F262 -> 29152.411 | F10: =D10*E10 -> 4197947.1
A11: SUBTOTAL | B11: TOTAL | C11: TOTAL | D11: TOTAL | E11: TOTAL | F11: =SUM(F4:F10) -> 15444209
A12: ADMINISTRACIÓN | F12: =+'A.U % '!F27*Desglose!F11 -> 1392386
A13: TOTAL OBRA | F13: =+F11+F12 -> 16836595 | H13: =+F13*0.15 -> 2525489.3 | J13: 31569895
A14: APORTE MUNICIPIO | E14: Aporte Municipio | F14: =+(Memoria!C2/1000)*199290000 -> 15943200
A15: APORTE OAC | E15: Aporte OAC | F15: =+F13-F14 -> 893395.38
B20: NOMBRE Y FIRMA DEL SECRETARIO QUE PRESENTA LA FICHA
B21: León Esnaider Quiroz Osorio
B22: Cel: 3127606130
B23: infraestructura@santafedeantioquia-antioquia.gov.co

Sheet Memoria
A1: No. | B1: VIA | C1: Longitud total a ejecutar (m)
A2: 10 | B2: Vía el Espinal | C2: 80
A3: 2 | B3: Vía la Tolda | C3: 100
A4: 3 | B4: Vía la Milagrosa | C4: 100
A5: 4 | B5: Vía el Churimbo | C5: 100
A6: 5 | B6: Vía las Azules | C6: 100
A7: 6 | B7: Vía Coloradas | C7: 100
A8: 7 | B8: Vía San Carlos el Morro | C8: 80
A9: 8 | B9: Vía ramal San Carlos | C9: 70
A10: 9 | B10: Vía Cativo | C10: 50
A11: 10 | B11: Vía el Espinal | C11: 80
A12: 11 | B12: Vía el Rodeo | C12: 70
A13: CAPITULO: | B13: PLACA HUELLA | G13: ELABORÓ: | H13: FECHA:
G14: =+Desglose!$B$21 -> León Esnaider Quiroz Osorio | H14: =+$I$16 -> 45505
A15: ITEM | B15: =+VLOOKUP(A16,Desglose!$A$4:$F$10,2,0) -> Localización y replanteo | G15: Total | H15: UNIDAD:
A16: 1 | G16: =+F29 -> 80 | H16: =+VLOOKUP(A16,Desglose!$A$4:$F$10,3,0) -> M | I16: 45505
A17: UBICACIÓN | B17: LARGO | C17: ANCHO | D17: ALTURA | E17: CANT. | F17: TOTAL | G17: DETALLES
A18: =+B2 -> Vía el Espinal | B18: =+C2 -> 80 | E18: 1 | F18: =PRODUCT(B18:E18) -> 80
F26: =PRODUCT(B26:E26) -> 0
F27: =PRODUCT(B27:E27) -> 0
F28: =PRODUCT(B28:E28) -> 0
E29: TOTAL | F29: =ROUND((SUM(F18:F28)),2) -> 80
A30: CAPITULO: | B30: PLACA HUELLA | G30: ELABORÓ: | H30: FECHA:
G31: =+Desglose!$B$21 -> León Esnaider Quiroz Osorio | H31: =+$I$16 -> 45505
A32: ITEM | B32: =+VLOOKUP(A33,Desglose!$A$4:$F$10,2,0) -> Excavación a cielo abierto material comun/conglomerado 0.0 a 6.0 metros | G32: Total | H32: UNIDAD:
A33: 2 | G33: =+F46 -> 35.04 | H33: =+VLOOKUP(A33,Desglose!$A$4:$F$10,3,0) -> M3
A34: UBICACIÓN | B34: LARGO | C34: ANCHO | D34: ALTURA | E34: CANT. | F34: TOTAL | G34: DETALLES
A35: =+B2 -> Vía el Espinal | B35: =(C2/3)*2.7 -> 72 | C35: 0.2 | D35: 0.1 | E35: 1 | F35: =PRODUCT(B35:E35) -> 1.44
B36: =+C2*2 -> 160 | C36: 0.7 | D36: 0.15 | E36: 2 | F36: =PRODUCT(B36:E36) -> 33.6
F43: =PRODUCT(B43:E43) -> 0
F44: =PRODUCT(B44:E44) -> 0
F45: =PRODUCT(B45:E45) -> 0
E46: TOTAL | F46: =ROUND((SUM(F35:F45)),2) -> 35.04
A47: CAPITULO: | B47: PLACA HUELLA | G47: ELABORÓ: | H47: FECHA:
G48: =+Desglose!$B$21 -> León Esnaider Quiroz Osorio | H48: =+$I$16 -> 45505
A49: ITEM | B49: =+VLOOKUP(A50,Desglose!$A$4:$F$10,2,0) -> Conformación y compactación de subrasante a maquina con material proveniente de la excavación o préstamo (incluye cargue, descargue) | G49: Total | H49: UNIDAD:
A50: 3 | G50: =+F63 -> 344 | H50: =+VLOOKUP(A50,Desglose!$A$4:$F$10,3,0) -> M2
A51: UBICACIÓN | B51: LARGO | C51: ANCHO | D51: ALTURA | E51: CANT. | F51: TOTAL | G51: DETALLES
A52: =+B2 -> Vía el Espinal | B52: =+C2 -> 80 | C52: 4.3 | E52: 1 | F52: =PRODUCT(B52:E52) -> 344
F60: =PRODUCT(B60:E60) -> 0
F61: =PRODUCT(B61:E61) -> 0
F62: =PRODUCT(B62:E62) -> 0
E63: TOTAL | F63: =ROUND((SUM(F52:F62)),2) -> 344
A64: CAPITULO: | B64: PLACA HUELLA | G64: ELABORÓ: | H64: FECHA:
G65: =+Desglose!$B$21 -> León Esnaider Quiroz Osorio | H65: =+$I$16 -> 45505
A66: ITEM | B66: =+VLOOKUP(A67,Desglose!$A$4:$F$10,2,0) -> Acero Fy = 60.000 psi d>1/4", no incluye acero. | G66: Total | H66: UNIDAD:
A67: 4 | G67: =+F77 -> 2820.24 | H67: =+VLOOKUP(A67,Desglose!$A$4:$F$10,3,0) -> Kg
A68: UBICACIÓN | B68: peso total | C68: ANCHO | D68: ALTURA | E68: CANT. | F68: TOTAL | G68: DETALLES
A69: =+B2 -> Vía el Espinal | B69: 35253 | E69: =+C2/1000 -> 0.08 | F69: =PRODUCT(B69:E69) -> 2820.24
F74: =PRODUCT(B74:E74) -> 0
F75: =PRODUCT(B75:E75) -> 0
F76: =PRODUCT(B76:E76) -> 0
E77: TOTAL | F77: =ROUND((SUM(F69:F76)),2) -> 2820.24
A78: CAPITULO: | B78: PLACA HUELLA | G78: ELABORÓ: | H78: FECHA:
G79: =+Desglose!$B$21 -> León Esnaider Quiroz Osorio | H79: =+$I$16 -> 45505
A80: ITEM | B80: =+VLOOKUP(A81,Desglose!$A$4:$F$10,2,0) -> Placa Huellas (par) en concreto de 20,7 Mpa (3000 psi) e = 0,15 m a c/u = 0,90 m. Incluye construcción de viga riostra. No incluye cemento | G80: Total | H80: UNIDAD:
A81: 5 | G81: =+F91 -> 80 | H81: =+VLOOKUP(A81,Desglose!$A$4:$F$10,3,0) -> M
A82: UBICACIÓN | B82: LARGO | C82: ANCHO | D82: ALTURA | E82: CANT. | F82: TOTAL | G82: DETALLES
A83: =+B2 -> Vía el Espinal | B83: =+C2 -> 80 | E83: 1 | F83: =PRODUCT(B83:E83) -> 80
F88: =PRODUCT(B88:E88) -> 0
F89: =PRODUCT(B89:E89) -> 0
F90: =PRODUCT(B90:E90) -> 0
E91: TOTAL | F91: =ROUND((SUM(F83:F90)),2) -> 80
A92: CAPITULO: | B92: PLACA HUELLA | G92: ELABORÓ: | H92: FECHA:
G93: =+Desglose!$B$21 -> León Esnaider Quiroz Osorio | H93: =+$I$16 -> 45505
A94: ITEM | B94: =+VLOOKUP(A95,Desglose!$A$4:$F$10,2,0) -> Concreto ciclópeo (producción), no incluye cemento | G94: Total | H94: UNIDAD:
A95: 6 | G95: =+F105 -> 16.8 | H95: =+VLOOKUP(A95,Desglose!$A$4:$F$10,3,0) -> M3
A96: UBICACIÓN | B96: LARGO | C96: ANCHO | D96: ALTURA | E96: CANT. | F96: TOTAL | G96: DETALLES
A97: =+B2 -> Vía el Espinal | B97: =+C2 -> 80 | C97: 1.4 | D97: 0.15 | E97: 1 | F97: =PRODUCT(B97:E97) -> 16.8
F102: =PRODUCT(B102:E102) -> 0
F103: =PRODUCT(B103:E103) -> 0
F104: =PRODUCT(B104:E104) -> 0
E105: TOTAL | F105: =ROUND((SUM(F97:F104)),2) -> 16.8
A106: CAPITULO: | B106: PLACA HUELLA | G106: ELABORÓ: | H106: FECHA:
G107: =+Desglose!$B$21 -> León Esnaider Quiroz Osorio | H107: =+$I$16 -> 45505
A108: ITEM | B108: =+VLOOKUP(A109,Desglose!$A$4:$F$10,2,0) -> Cuneta - Bordillo en concreto reforzado 20,7 Mpa. No incluye cemento | G108: Total | H108: UNIDAD:
A109: 7 | G109: =+F119 -> 144 | H109: =+VLOOKUP(A109,Desglose!$A$4:$F$10,3,0) -> M
A110: UBICACIÓN | B110: LARGO | C110: ANCHO | D110: ALTURA | E110: CANT. | F110: TOTAL | G110: DETALLES
A111: =+B2 -> Vía el Espinal | B111: =+C2*1.8 -> 144 | E111: 1 | F111: =PRODUCT(B111:E111) -> 144
F116: =PRODUCT(B116:E116) -> 0
F117: =PRODUCT(B117:E117) -> 0
F118: =PRODUCT(B118:E118) -> 0
E119: TOTAL | F119: =ROUND((SUM(F111:F118)),2) -> 144

Sheet APU
A1: ÍTEM | B1: 1 | E1: UNIDAD | F1: M
A2: DESCRIPCIÓN | B2: Localización y replanteo
A4: ÍTEM | B4: DESCRIPCIÓN | C4: UNIDAD | D4: CANTIDAD | E4: PRECIO | F4: TOTAL
A6: 1 - Mano de Obra
A7: MOB017185326 | B7: Cuadrilla E 1 Of + 1 Ay (jornal + prestaciones) | C7: Día | D7: 0.002 | E7: 262103 | F7: =D7*E7 -> 524.206
E8: TOTAL 1 | F8: =F7 -> 524.206
A10: 2 - Equipos
A11: 1 - % Mano de Obra | B11: HERRAMIENTA MENOR | C11: % | F11: 46.3315
E12: TOTAL 2 | F12: =F11 -> 46.3315
A14: 3 - Materiales
A15: MAT,116 | B15: Cuartón de sajo 2" x 4" x 2,9 m | C15: M | E15: 8000 | F15: =D15*E15 -> 0
A16: MAT,176 | B16: Guadua basa longitud promedio = 5 m | C16: Un | E16: 12000 | F16: =D16*E16 -> 0
A17: MAT,222 | B17: Listón sajo de 5 x 3 cm x 2,5 m (varilla) | C17: M | E17: 8000 | F17: =D17*E17 -> 0
A18: MAT,334 | B18: Puntilla de 3" | C18: Lb | E18: 9500 | F18: =D18*E18 -> 0
E19: TOTAL 3 | F19: =F15+F16+F17+F18 -> 0
A21: 4 - Subcontratos
E23: TOTAL 4 | F23: =0 -> 0
A25: 5 - Otros
A26: 2 - % Mano de Obra | B26: ACARREO INTERNO | C26: % | F26: 46.3315
E27: TOTAL 5 | F27: =F26 -> 46.3315
A30: TOTAL 1 | B30: Mano de Obra | F30: =+VLOOKUP(A30,E5:F29,2,0) -> 524.206
A31: TOTAL 2 | B31: Equipos | F31: =+VLOOKUP(A31,E6:F30,2,0) -> 46.3315
A32: TOTAL 3 | B32: Materiales | F32: =+VLOOKUP(A32,E7:F31,2,0) -> 0
A33: TOTAL 4 | B33: Subcontratos | F33: =+VLOOKUP(A33,E8:F32,2,0) -> 0
A34: TOTAL 5 | B34: Otros | F34: =+VLOOKUP(A34,E9:F33,2,0) -> 46.3315
A35: [Nuevo código (6)] | B35: TOTAL | F35: =SUM(F30:F34) -> 616.869
A37: ÍTEM | B37: 2 | E37: UNIDAD | F37: =+Desglose!C5 -> M3
A38: DESCRIPCIÓN | B38: =+Desglose!B5 -> Excavación a cielo abierto material comun/conglomerado 0.0 a 6.0 metros
A40: ÍTEM | B40: DESCRIPCIÓN | C40: UNIDAD | D40: CANTIDAD | E40: PRECIO | F40: TOTAL
A42: 1 - Mano de Obra
A43: MOB015 | B43: Cuadrilla H 4 Ay (jornal + prestaciones) | C43: Día | D43: 0.06 | E43: 351920 | F43: =D43*E43 -> 21115.2
E44: TOTAL 1 | F44: =F43 -> 21115.2
A46: 2 - Equipos
A47: 1 - % Mano de Obra | B47: HERRAMIENTA MENOR | C47: % | F47: =+F44*0.05 -> 1055.76
E48: TOTAL 2 | F48: =F47 -> 1055.76
A50: 3 - Materiales
E51: 0 | F51: =D51*E51 -> 0
E52: 0 | F52: =D52*E52 -> 0
E53: TOTAL 3 | F53: =F51+F52 -> 0
A55: 4 - Subcontratos
E57: TOTAL 4 | F57: =0 -> 0
A59: 5 - Otros
A60: 2 - % Mano de Obra | B60: ACARREO INTERNO | C60: % | F60: =+F44*0.05 -> 1055.76
E61: TOTAL 5 | F61: =F60 -> 1055.76
A64: TOTAL 1 | B64: Mano de Obra | F64: =+VLOOKUP(A64,E39:F63,2,0) -> 21115.2
A65: TOTAL 2 | B65: Equipos | F65: =+VLOOKUP(A65,E40:F64,2,0) -> 1055.76
A66: TOTAL 3 | B66: Materiales | F66: =+VLOOKUP(A66,E41:F65,2,0) -> 0
A67: TOTAL 4 | B67: Subcontratos | F67: =+VLOOKUP(A67,E42:F66,2,0) -> 0
A68: TOTAL 5 | B68: Otros | F68: =+VLOOKUP(A68,E43:F67,2,0) -> 1055.76
A69: [Nuevo código (6)] | B69: TOTAL | F69: =SUM(F64:F68) -> 23226.72
A71: ÍTEM | B71: 3 | E71: UNIDAD | F71: =+Desglose!C6 -> M2
A72: DESCRIPCIÓN | B72: =+Desglose!B6 -> Conformación y compactación de subrasante a maquina con material proveniente de la excavación o préstamo (incluye cargue, descargue)
A74: ÍTEM | B74: DESCRIPCIÓN | C74: UNIDAD | D74: CANTIDAD | E74: PRECIO | F74: TOTAL
A76: 1 - Mano de Obra
A77: MOB015 | B77: Cuadrilla E 1 Of + 1 Ay (jornal + prestaciones) | C77: Día | D77: 0.01 | E77: 262103 | F77: =D77*E77 -> 2621.03
E78: TOTAL 1 | F78: =F77 -> 2621.03
A80: 2 - Equipos
A81: 1 - % Mano de Obra | B81: HERRAMIENTA MENOR | C81: % | F81: 66.9
E82: TOTAL 2 | F82: =F81 -> 66.9
A84: 3 - Materiales
E85: 0 | F85: =D85*E85 -> 0
E86: 0 | F86: =D86*E86 -> 0
E87: TOTAL 3 | F87: =F85+F86 -> 0
A89: 4 - Subcontratos
E91: TOTAL 4 | F91: =0 -> 0
A93: 5 - Otros
A94: 2 - % Mano de Obra | B94: ACARREO INTERNO | C94: % | F94: =+F78*0.05 -> 131.0515
E95: TOTAL 5 | F95: =F94 -> 131.0515
A98: TOTAL 1 | B98: Mano de Obra | F98: =+VLOOKUP(A98,E73:F97,2,0) -> 2621.03
A99: TOTAL 2 | B99: Equipos | F99: =+VLOOKUP(A99,E74:F98,2,0) -> 66.9
A100: TOTAL 3 | B100: Materiales | F100: =+VLOOKUP(A100,E75:F99,2,0) -> 0
A101: TOTAL 4 | B101: Subcontratos | F101: =+VLOOKUP(A101,E76:F100,2,0) -> 0
A102: TOTAL 5 | B102: Otros | F102: =+VLOOKUP(A102,E77:F101,2,0) -> 131.0515
A103: [Nuevo código (6)] | B103: TOTAL | F103: =SUM(F98:F102) -> 2818.9815
A105: ÍTEM | B105: 4 | E105: UNIDAD | F105: Kg
A106: DESCRIPCIÓN | B106: Acero Fy = 60.000 psi d>1/4"
A108: ÍTEM | B108: DESCRIPCIÓN | C108: UNIDAD | D108: CANTIDAD | E108: PRECIO | F108: TOTAL
A110: 1 - Mano de Obra
A111: MOB015 | B111: Cuadrilla E 1 Of + 1 Ay (jornal + prestaciones) | C111: Día | D111: 0.003 | E111: 223000 | F111: =D111*E111 -> 669
E112: TOTAL 1 | F112: =F111 -> 669
A114: 2 - Equipos
A115: 1 - % Mano de Obra | B115: HERRAMIENTA MENOR | C115: % | F115: 66.9
E116: TOTAL 2 | F116: =F115 -> 66.9
A118: 3 - Materiales
A119: MAT,0112567 | B119: Acero Fy = 60.000 psi d>1/4" puesto en obra | C119: Kg | D119: 1.03 | E119: 0 | F119: =D119*E119 -> 0
A120: MAT,030 | B120: Alambre negro calibre 18 | C120: Kg | D120: 0.0618 | F120: =D120*E120 -> 0
E121: TOTAL 3 | F121: =F119+F120 -> 0
A123: 4 - Subcontratos
E125: TOTAL 4 | F125: =0 -> 0
A127: 5 - Otros
A128: 2 - % Mano de Obra | B128: ACARREO INTERNO | C128: % | F128: 66.9
E129: TOTAL 5 | F129: =F128 -> 66.9
A132: TOTAL 1 | B132: Mano de Obra | F132: =+VLOOKUP(A132,E107:F131,2,0) -> 669
A133: TOTAL 2 | B133: Equipos | F133: =+VLOOKUP(A133,E108:F132,2,0) -> 66.9
A134: TOTAL 3 | B134: Materiales | F134: =+VLOOKUP(A134,E109:F133,2,0) -> 0
A135: TOTAL 4 | B135: Subcontratos | F135: =+VLOOKUP(A135,E110:F134,2,0) -> 0
A136: TOTAL 5 | B136: Otros | F136: =+VLOOKUP(A136,E111:F135,2,0) -> 66.9
A137: [Nuevo código (6)] | B137: TOTAL | F137: =SUM(F132:F136) -> 802.8
A140: ÍTEM | B140: 5 | E140: UNIDAD | F140: M
A141: DESCRIPCIÓN | B141: Placa Huellas (par) en concreto de 20,7 Mpa (3000 psi) e = 0,15 m a c/u = 0,90 m.
...

Sheet A.U % 
A1: CALCULO DETALLADO DEL VALOR PORCENTUAL DEL A.U.
A4: Duración estimada del Proyecto en meses | F4: 4
A5: Costo directo total del Proyecto | F5: =+Desglose!F11 -> 15444209
A6: A. Asumido para el cálculo | B6: 0.090155861 | F6: 1392386
A7: Valor total estimado del Proyecto | F7: =SUM(F5:F6) -> 16836595
A8: DESCRIPCION | B8: UNIDAD | C8: CANTIDAD | D8: VR UNITARIO | E8: DEDICACIÒN Y/O PORCENTAJE DE UTILIZACIÓN | F8: VR. TOTAL
A9: GASTOS ARRENDAMIENTO Y OFICINA
A10: Transportes | B10: Mes | C10: 0 | D10: 1000000 | E10: 1 | F10: =+ROUND(D10*C10*E10,0) -> 0
A11: Arrendamiento Almacén | B11: Mes | C11: 0 | D11: 150000 | E11: 1 | F11: =+ROUND(D11*C11*E11,0) -> 0
A12: Gastos bancarios | B12: Mes | C12: 0 | D12: 140000 | E12: 1 | F12: =+ROUND(D12*C12*E12,0) -> 0
A13: GASTOS DE LEGALIZACIÓN E IMPUESTOS
A14: Estampillas municipales | B14: % | C14: 0.075 | D14: =+$F$7 -> 16836595 | E14: 1 | F14: =+ROUND(D14*C14*E14,0) -> 1262745
A15: Póliza de Cumplimiento | B15: % | C15: 0.002 | D15: =+$F$7 -> 16836595 | E15: 1 | F15: =+ROUND(D15*C15*E15,0) -> 33673
A16: Póliza calidad del servicio | B16: % | C16: 0.002 | D16: =+$F$7 -> 16836595 | E16: 1 | F16: =+ROUND(D16*C16*E16,0) -> 33673
A17: Póliza de Salarios y Prestaciones Sociales | B17: % | C17: 0.0005 | D17: =+$F$7 -> 16836595 | E17: 1 | F17: =+ROUND(D17*C17*E17,0) -> 8418
A18: Póliza de Estabilidad | B18: % | C18: 0.002 | D18: =+$F$7 -> 16836595 | E18: 1 | F18: =+ROUND(D18*C18*E18,0) -> 33673
A19: Póliza de Responsabilidad Civil | B19: % | C19: 0.0012 | D19: =+$F$7 -> 16836595 | E19: 1 | F19: =+ROUND(D19*C19*E19,0) -> 20204
A20: PERSONAL TÉCNICO
A21: PS Ingeniero, arquitecto o arquitecto constructor Residente | B21: Mes | C21: 0 | D21: 5000000 | F21: =+ROUND(D21*C21,0) -> 0
A22: Valor total de los Costos de Legalización y Administración | F22: =SUM(F10:F21) -> 1392386
A23: Valor porcentual de la Legalización y Administración | F23: =F22/F5 -> 0.090155861
A24: Valor porcentual de los Imprevistos | F24: 0
A25: Valor porcentual de la Utilidad estimada | F25: 0
A27: Valor Total porcentual del A.U. | F27: =SUM(F23:F26) -> 0.090155861
A32: SMMLV AÑO 2022 | B32: 1000000
A34: CARGO | B34: CANTIDAD SMMLV | C34: VALOR SALARIO | D34: % PRESTACIONES | E34: VALOR TOTAL
A35: INGENIERO DIRECTOR | B35: =C35/$B$32 -> 3.1 | C35: 3100000 | D35: 1.6 | E35: =+D35*C35 -> 4960000
A36: INGENIERO RESIDENTE | B36: =C36/$B$32 -> 2.1 | C36: 2100000 | D36: 1.6 | E36: =+D36*C36 -> 3360000
